AoeStats
← owengold23

Hideout

509848606Analyzed
1v1 RM · 5d ago on Sep 28, 2026· 45m 15s· 2 players
Game mode
Random Map
Map size
Tiny (2 player)
Population
200
Speed
Normal
Resources
Standard
Victory
Conquest
Starting age
Dark Age
Ending age
Imperial Age
RankedLock teamsTeams togetherTeam positionsShared explorationLock speedFull tech treeHidden civsTurbo modeCheats
Victory
Defeat
🇦🇺 Romans · Australia
1600
+11
🇹🇷 Bulgarians · Türkiye
1481
-11
owengold23
7:32 Loom
9:34 Feudal Age
13:26 Fletching
13:36 Horse Collar
21:09 Castle Age
19:45 Double-Bit Axe
20:53 Padded Archer Armor
21:27 Stone Mining
21:27 Gold Mining
21:16 Crossbowman
21:59 Bodkin Arrow
26:16 Leather Archer Armor
28:01 Wheelbarrow
27:11 Town Watch
34:16 Imperial Age
34:24 Scale Mail Armor
34:34 Forging
34:59 Scale Barding Armor
36:51 Hand Cart
37:34 Bow Saw
37:58 Chain Barding Armor
38:31 Bloodlines
40:11 Plate Barding Armor
41:20 Heavy Plow
42:32 Iron Casting
42:56 Gold Shaft Mining
43:06 Conscription
44:16 Blast Furnace
43:53 Comitatenses
44:32 Crop Rotation
45:11 Elite Centurion
tekinbey
4:57 Loom
9:11 Feudal Age
10:13 Double-Bit Axe
12:52 Horse Collar
15:55 Fletching
21:46 Castle Age
21:39 Gold Mining
21:40 Stone Mining
23:18 Bodkin Arrow
30:41 Scale Barding Armor
30:41 Town Watch
33:38 Forging
33:48 Chain Barding Armor
35:45 Bow Saw
37:44 Chain Barding Armor
37:59 Iron Casting
39:59 Scale Mail Armor
40:14 Heavy Plow
42:34 Wheelbarrow
45:54 Imperial Age
43:47 Ballistics
43:52 Chain Mail Armor
44:08 Bloodlines
43:59 Husbandry
44:37 Hand Cart
Connection lost

Rejoining the realm…

Still unreachable

The connection could not be restored.

Session expired

The server has moved on; the page needs a fresh start.